 Dungeon Crawl Stone Soup version 0.31-a0-590-g8a5a4361df (webtiles) character file.

Game seed: 9479185509089358715

3817 thirtiethelement the Firebug (level 9, -6/56 (65) HPs)
             Began as a Demonspawn Cinder Acolyte on Aug 20, 2023.
             Was a Priest of Ignis.
             Mangled by Shayle's ghost (15 damage)
             ... on level 7 of the Dungeon.
             The game lasted 00:30:06 (8936 turns).

thirtiethelement the Firebug (DsCA)                 Turns: 8936, Time: 00:30:11

HP:   -6/56 (65)    AC: 22    Str: 14    XL:     9   Next: 97%
MP:   7/18          EV: 11    Int: 27    God:    Ignis [***...]
Gold: 268           SH:  0    Dex: 10    Spells: 16/21 levels left

rFire   + + .        N - +3 long sword
rCold   . . .        (no shield)
rNeg    . . .        w - +2 ring mail {rF+}
rPois   +            A - +1 helmet
rElec   .            g - +0 cloak
rCorr   .            (no gloves)
SInv    .            c - +0 pair of boots
Will    .....        (no amulet)
Stlth   +            F - +6 ring of intelligence
HPRegen 0.29/turn    (no ring)
MPRegen 0.16/turn

%: no passive effects
@: fiery-armoured, heavily drained
A: slimy green scales 2, clever 1, poison resistance
a: Renounce Religion, Fiery Armour, Foxfire Swarm, Rising Flame


You were on level 7 of the Dungeon.
You worshipped Ignis.
Ignis was most pleased with you.
You visited 1 branch of the dungeon, and saw 7 of its levels.

You collected 338 gold pieces.
You spent 70 gold pieces at shops.

Inventory:

Hand Weapons
 k - a +0 great sword
 M - the +4 dagger of Tenacity {freeze, *Rage rC+ rN+ MP+9}
   (You took it off a wight on level 7 of the Dungeon)

   rC+:       It protects you from cold.
   rN+:       It protects you from negative energy.
   MP+9:      It affects your magic capacity (+9).
   *Rage:     It berserks you when you make melee attacks (+20% chance).
 N - a +3 long sword (weapon)
Missiles
 f - 6 boomerangs (quivered)
 s - 3 javelins
 z - 6 darts of dispersal
Armour
 c - a +0 pair of boots (worn)
 g - a +0 cloak (worn)
 w - a +2 ring mail of fire resistance (worn)
 A - a +1 helmet (worn)
 D - an orb of guile
 J - +0 steam dragon scales
Jewellery
 F - a +6 ring of intelligence (left hand)
Wands
 n - a wand of flame (25)
 x - a wand of digging (1)
 y - a wand of polymorph (10)
 H - a wand of mindburst (14)
Scrolls
 b - 3 scrolls of blinking
 d - 4 scrolls of teleportation
 i - 3 scrolls of revelation
 m - a scroll of noise {unknown}
 q - a scroll of torment {unknown}
 r - a scroll of fog {unknown}
 u - 2 scrolls of fear {unknown}
 B - a scroll of vulnerability
 I - a scroll of immolation
 K - a scroll of poison {unknown}
Potions
 a - a potion of magic {unknown}
 e - 2 potions of mutation
 h - 2 potions of experience {unknown}
 j - 3 potions of lignification {unknown}
 l - a potion of brilliance {unknown}
 o - a potion of heal wounds {unknown}
 p - 2 potions of attraction {unknown}
 t - 2 potions of haste {unknown}
 v - a potion of ambrosia {unknown}
 C - a potion of berserk rage {unknown}
 E - a potion of enlightenment {unknown}
 G - a potion of curing {unknown}
 L - 2 potions of cancellation {unknown}


   Skills:
 + Level 3.9 Fighting
 + Level 5.2 Long Blades
 + Level 4.2 Throwing
 + Level 4.1 Armour
 + Level 3.5 Dodging
 + Level 0.5 Stealth
 + Level 6.5 Spellcasting
 + Level 1.2 Translocations
 + Level 7.4 Fire Magic


You had 16 spell levels left.
You knew the following spells:

 Your Spells              Type           Power      Damage    Failure   Level
a - Scorch                Fire           96%        2d9       1%          2
b - Volatile Blastmotes   Fire/Tloc      64%        2d15      6%          3

Your spell library contained the following spells:

 Spells                   Type           Power      Damage    Failure   Level
 Lesser Beckoning         Tloc           30%        N/A       11%         2
 Gell's Gravitas          Tloc           15%        N/A       22%         3
 Teleport Other           Tloc           15%        N/A       22%         3
 Dazzling Flash           Conj/Hex       16%        N/A       34%         3
 Starburst                Conj/Fire      14%        6d6       98%         6
 Maxwell's Capacitive Co  Air            4%         ∞         100%        8


Dungeon Overview and Level Annotations

Branches:
Dungeon (7/15)             Temple (0/1) D:5

Altars:
Ashenzari
Dithmenos
Fedhas
Makhleb
Nemelex Xobeh
Trog
Vehumet
Xom

Shops:
D:4 *

Annotations:
D:4 exclusion: oklob plant
D:7 Shayle's ghost, novice OgSh


Innate Abilities, Weirdness & Mutations

You are mostly covered in slimy green scales. (AC +3)
Your mind is acute. (Int +4, Str/Dex -1)
Your system is resistant to poisons. (rPois)


Message History

The foxfire hits Shayle's ghost.
Shayle's ghost resists.
Shayle's ghost is moderately damaged.
The foxfire hits Shayle's ghost but does no damage.
Shayle's ghost is moderately damaged.
The foxfire hits the centaur.
You kill the centaur!
The foxfire hits Shayle's ghost.
Shayle's ghost resists.
Shayle's ghost is moderately damaged.
The foxfire hits Shayle's ghost but does no damage.
Shayle's ghost is moderately damaged.
The foxfire hits Shayle's ghost.
Shayle's ghost completely resists.
Shayle's ghost is moderately damaged.
The foxfire hits Shayle's ghost.
Shayle's ghost resists.
Shayle's ghost is moderately damaged.
The foxfire hits Shayle's ghost.
Shayle's ghost resists.
Shayle's ghost is heavily damaged.
The foxfire hits Shayle's ghost.
Shayle's ghost resists.
Shayle's ghost is heavily damaged.
The foxfire hits Shayle's ghost.
Shayle's ghost resists.
Shayle's ghost is heavily damaged.
Your Armour skill increases to level 4!
A protective cloak of flame settles atop you.
You slash Shayle's ghost!
Shayle's ghost is heavily damaged.
Shayle's ghost hits you but does no damage.
You feel drained.
Shayle's ghost resists.
Shayle's ghost is burned by your cloak of flames.
Shayle's ghost is heavily damaged.
You slash Shayle's ghost!
Shayle's ghost is severely damaged.
Shayle's ghost hits you.
* * * LOW HITPOINT WARNING * * *
You feel drained.
Casting: Volatile Blastmotes (dangerous; 6% risk of failure)
Confirm with . or Enter, or press ? or * to list all spells.
Flames lash Shayle's ghost.
Shayle's ghost resists.
Shayle's ghost is severely damaged.
Shayle's ghost's fire resistance burns away.
Shayle's ghost hits you!
You die...

#.# #.# #.# #<#
########### #.#####
####..#...#..#####.....#
#.....'.?.#..#......##..
#.##..#...#..#.####.##.#
#.#...#####....# #.##..
#.#.#........### #.##.#
#...).W@.....# #.##.#
###.##.......# #.##.#
#.#####.#### #.##.# #.#
#.# ##.##.# #.#####.#
#..##.# #.......#
#.###.# #.......######
#.# #.# ##..###......#
#.# #.# #..'_'..###.#
#.# #.#


You could see Shayle's ghost (combustible).

Vanquished Creatures
  Eustachio (D:5)
  3 steam dragons
  2 water moccasins (D:6)
  Duvessa (D:5)
  An ice beast (D:5)
  2 black bears
  3 orc warriors
  A centaur (D:7)
  3 ogres
  4 phantoms
  2 bullfrogs
  A gnoll sergeant (D:5)
  2 scorpions
  5 wights
  Dowan (D:5)
  A crimson imp (D:5)
  6 howler monkeys (D:7)
  2 hounds
  2 gnoll boudas (D:7)
  4 orc priests
  A jelly (D:6)
  5 iguanas
  6 orc wizards
  Robin (D:3)
  10 adders
  17 gnolls
  2 white imps (D:7)
  3 ufetubi
  2 worms (D:2)
  5 dart slugs
  34 orcs
  9 ball pythons
  7 endoplasms
  A giant cockroach (D:4)
  12 goblins
  7 hobgoblins
  2 quokkas
  6 bats
  2 frilled lizards
  10 kobolds
  4 rats
193 creatures vanquished.

Vanquished Creatures (others)
  2 gnolls (D:7)
  A shadow imp (D:6)
  9 foxfires (D:7)
12 creatures vanquished.

Grand Total: 205 creatures vanquished

Notes
Turn   | Place    | Note
-------+----------+-------------------------------------------
     0 | D:1      | thirtiethelement the Demonspawn Cinder Acolyte began the
                  | quest for the Orb.
     0 | D:1      | Reached XP level 1. HP: 18/18 MP: 2/2
   143 | D:1      | Gained mutation: You are partially covered in slimy green
                  | scales. (AC +2) [demonic ancestry]
   143 | D:1      | Reached XP level 2. HP: 24/24 MP: 3/3
   145 | D:1      | Reached skill level 3 in Fire Magic
   233 | D:1      | Learned a level 2 spell: Scorch
   994 | D:2      | Reached XP level 3. HP: 22/29 MP: 0/4
  1403 | D:2      | Reached skill level 1 in Throwing
  1551 | D:2      | Reached XP level 4. HP: 35/35 MP: 2/5
  2213 | D:3      | Noticed Robin
  2232 | D:3      | Killed Robin
  2362 | D:3      | Reached XP level 5. HP: 41/41 MP: 2/7
  3017 | D:3      | You fall into a shaft and drop 1 floor!
  3135 | D:4      | Found a radiant altar of Vehumet.
  3270 | D:3      | Reached skill level 1 in Armour
  3339 | D:4      | Found a shadowy altar of Dithmenos.
  3602 | D:4      | Reached XP level 6. HP: 25/47 MP: 2/9
  3735 | D:4      | Found Coblodd's General Store.
  3743 | D:4      | Bought a scroll of teleportation for 30 gold pieces
  3743 | D:4      | Bought a scroll of vulnerability for 40 gold pieces
  3745 | D:4      | Gained mutation: Your system is resistant to poisons.
                  | (rPois) [potion of mutation]
  3745 | D:4      | Gained mutation: Your mind is acute. (Int +4, Str/Dex -1)
                  | [potion of mutation]
  3842 | D:4      | Reached skill level 4 in Fire Magic
  4172 | D:4      | Found a blossoming altar of Fedhas.
  4186 | D:4      | Noticed an oklob plant
  4272 | D:5      | Entered Level 5 of the Dungeon
  4272 | D:5      | Noticed Duvessa
  4566 | D:5      | Reached XP level 7. HP: 49/52 MP: 8/11
  4743 | D:5      | Found a staircase to the Ecumenical Temple.
  4881 | D:5      | Reached skill level 5 in Fire Magic
  4980 | D:5      | Noticed Dowan
  5019 | D:5      | Killed Dowan
  5051 | D:5      | Killed Duvessa
  5179 | D:5      | Reached XP level 8. HP: 58/58 MP: 0/14
  5509 | D:5      | Reached skill level 1 in Dodging
  5509 | D:5      | Reached skill level 6 in Fire Magic
  5732 | D:5      | Found a broken altar of Ashenzari.
  6026 | D:5      | Found a burning altar of Makhleb.
  6026 | D:5      | Noticed Eustachio
  6040 | D:5      | Killed Eustachio
  6041 | D:5      | Reached skill level 5 in Spellcasting
  6647 | D:6      | Gained mutation: You are mostly covered in slimy green
                  | scales. (AC +3) [demonic ancestry]
  6647 | D:6      | Reached XP level 9. HP: 37/65 MP: 5/16
  7342 | D:6      | Learned a level 3 spell: Volatile Blastmotes
  7915 | D:7      | Identified the +4 dagger of Tenacity {freeze, *Rage rC+ rN+
                  | MP+9}
  7941 | D:7      | Reached skill level 7 in Fire Magic
  8066 | D:7      | Reached skill level 1 in Translocations
  8133 | D:7      | Reached skill level 5 in Long Blades
  8287 | D:7      | Found a sparkling altar of Nemelex Xobeh.
  8328 | D:7      | Found a shimmering altar of Xom.
  8802 | D:7      | Found a runed translucent door.
  8805 | D:7      | Noticed Shayle's ghost (novice OgSh)
  8856 | D:7      | Found a bloodstained altar of Trog.
  8936 | D:7      | Mangled by Shayle's ghost

Illustrated notes

Levels and vault maps discovered:
D:1:      spicycebolla_arrival_risky_transporter, layout_loops_ring,
          grunt_decor_fettered, nrook_mini_backslash, kennysheep_crisscross,
          minmay_nonomino_d4
D:2:      layout_loops_ring
D:3:      layout_loops_ring, uniq_robin
D:4:      layout_loops_ring, lemuel_doored_altar, tgw_fedhas,
          kennysheep_little_box, serial_shops, shop_fountains
D:5:      cheibrodos_barr_body, layout_basic, ashenzari_altar_1,
          makhleb_grotto_becter, minmay_temple_entry_mist, uniq_duvessa,
          uniq_eustachio
D:6:      layout_loops_ring, minmay_fractal_squares_diagonal_5
D:7:      layout_loops_ring, trog_antimagical,
          mainiacjoe_overflow_surrounded_room, kennysheep_mini_moat,
          mainiacjoe_overflow_tiny_flanked, ebering_ghost_inner_flame

Skill      XL: |  1  2  3  4  5  6  7  8  9 |
---------------+----------------------------+-----
Fire Magic     | 3 4 5 6 7 |  7.4
Long Blades    | 3 4 5 |  5.2
Throwing       | 1 2 3 4 |  4.2
Spellcasting   | 2 3 4 5 6 |  6.5
Armour         | 1 2 3 4 |  4.1
Dodging        | 2 3 |  3.5
Translocations | 1 |  1.2
Fighting       | |  3.9
Stealth        | |  0.5

Action                     |  1- 3 |  4- 6 |  7- 9 || total
---------------------------+-------+-------+-------++-------
  Melee: Falchion          |    62 |       |       ||    62
         Punch             |     1 |       |     3 ||     4
         Great sword       |     3 |    85 |    25 ||   113
         Long sword        |       |       |   117 ||   117
  Throw: Boomerang         |    29 |    69 |    85 ||   183
   Cast: Scorch            |    13 |    48 |   113 ||   174
         Volatile Blastmot |       |       |    23 ||    23
 Invoke: Fiery Armour      |     1 |     1 |     3 ||     5
         Foxfire Swarm     |       |       |     1 ||     1
    Use: Scroll            |       |     2 |     2 ||     4
         Potion            |       |     1 |       ||     1
 Armour: Robe              |    38 |       |       ||    38
         Leather armour    |     1 |    22 |       ||    23
         Skin              |       |     1 |       ||     1
         Ring mail         |       |    69 |   158 ||   227
  Dodge: Dodged            |    33 |    83 |   153 ||   269

Table legend: (Time is in decaauts)
 A = Elapsed time spent in this place.
 B = Non-inter-level travel time spent in this place.
 C = Inter-level travel time spent in this place.
 D = Time resting spent in this place.
 E = Time spent auto-exploring this place.
 F = Levels seen in this place.
 G = Mean time per level.
                   A        B        C        D        E       F      G
               +--------+--------+--------+--------+--------+-----+--------+
         Total |   9086 |   8959 |    127 |    264 |   6944 |   7 | 1298.0 |
       Dungeon |   9086 |   8959 |    127 |    264 |   6944 |   7 | 1298.0 |
               +--------+--------+--------+--------+--------+-----+--------+

Top non-repeatable levels by time:
     D:5: 2258 daAuts
     D:7: 1375 daAuts
     D:3: 1173 daAuts
     D:2: 1127 daAuts
     D:4: 1115 daAuts
     D:6: 1096 daAuts
     D:1: 939 daAuts
